Map: Deathaura LE

Players

A.I. 1 (Very Easy) - Winner!

  • Race: Protoss Protoss
  • Spawn Location: 5:00

ZergDrachen

  • Race: Zerg Zerg
  • League: Platinum
  • Spawn Location: 11:00

VOD

Have the link to the VOD?

Description

Time

  • Played on: Dec. 8, 2020, 6:36 p.m.
  • Length: 2:47
Show
View Real Time Build Order
Export as new Build Order

A.I. 1 (Very Easy) Protoss - Winner!

Build Orders:  

Get SALT Encoding   

  12  0:00  Probe  
  13  0:13  Probe  
  14  0:20  Pylon  
  14  0:37  Assimilator  
  14  0:42  Gateway  
  14  0:45  Pylon  
  14  1:14  Assimilator  
  14  1:17  Probe  
  14  1:25  Probe  
  16  1:33  Probe  
  16  1:35  Cybernetics Core  
  17  1:44  Probe  
  18  1:55  Probe  
  19  2:04  Probe  
  20  2:11  Stalker  
Show
View Real Time Build Order
Export as new Build Order

ZergDrachen Zerg 

Build Orders: Hatch First 

Get SALT Encoding   

  12  0:01  Drone  
  13  0:13  Overlord  
  13  0:16  Drone  
  14  0:31  Drone x2  
  16  0:49  Hatchery  
  15  0:53  Drone  
  17  0:57  Drone  
  17  1:00  Extractor  
  17  1:02  Drone  
  17  1:18  Spawning Pool  
  16  1:24  Drone  
  16  1:25  Drone  
  18  1:29  Drone  
  19  1:39  Overlord  
  19  1:52  Drone  
  20  2:00  Drone  
  21  2:04  Queen  
  21  2:05  Queen  
  25  2:15  Zergling x2  
  26  2:18  Zergling x2  
  27  2:24  Drone  
  27  2:25  Drone  
  27  2:28  Drone  
Tags
 
League
Platinum
Matchup
PvZ
Spawn Locations
Cross Positions
Add a new tag
Caveats
  • Supply blocks, unpowered buildings, or Contaminate may cause inaccurate times.
  • Supply counts are checked every 10 seconds.